 Dungeon Crawl Stone Soup version 0.31.0-11-ge490571c62 (webtiles) character file.

Game seed: 13552803115907450162

4652 Rassilon the Fighter (level 10, -1/107 HPs)
             Began as an Oni Shapeshifter on Jan 28, 2024.
             Was a Believer of Wu Jian.
             Slain by a killer bee (2 damage)
             ... on level 9 of the Dungeon.
             The game lasted 00:39:13 (11412 turns).

Rassilon the Fighter (Oni Shapeshifter)            Turns: 11412, Time: 00:39:15

Health: -1/107     AC:  7    Str: 22    XL:     10   Next: 43%
Magic:  26/26      EV: 10    Int: 13    God:    Wu Jian [**....]
Gold:   444        SH:  0    Dex:  8    Spells: 16/19 levels left

rFire   . .          .
                       - Unarmed
rCold   . . .        s - orb {*channel}
rNeg    + . .        y - +2 robe {Will+}
rPois   .            (helmet restricted)
rElec   .            F - +1 cloak {rCorr}
rCorr   +            (gloves unavailable)
SInv    +            (boots unavailable)
Will    ++...        k - amulet of the acrobat
Stlth   +            i - ring of Zuel {rN+ SInv}
HPRegen 0.37/turn    t - ring of magical power
MPRegen 0.20/turn

%: acrobat, channel magic (20%)
@: mighty, lethally poisoned (-1 -> -25)
A: large, unfitting armour, horns 1, tough skin 1, double potion healing,
drunken brawling
a: Renounce Religion, Wall Jump


You were on level 9 of the Dungeon.
You worshipped Wu Jian.
Wu Jian was pleased with you.
You visited 2 branches of the dungeon, and saw 10 of its levels.

You collected 444 gold pieces.

Inventory:

Missiles
 e - 3 silver javelins (quivered)
 l - 4 poisoned darts
 u - 6 curare-tipped darts
Armour
 g - an orb of wrath
 s - an orb of energy (worn)
 y - a +2 robe of willpower (worn)
 F - a +1 cloak of preservation (worn)
Magical Staves
 h - a staff of alchemy
Jewellery
 i - the ring of Zuel (left hand) {rN+ SInv}
   (You took it off a hobgoblin on level 2 of the Dungeon)

   [ring of see invisible]

   rN+:       It protects you from negative energy.
   SInv:      It lets you see invisible.
 k - an amulet of the acrobat (around neck)
 t - a ring of magical power (right hand)
 x - a ring of ice
Talismans
 c - a beast talisman
 n - a flux talisman
Wands
 d - a wand of charming (13)
 f - a wand of roots (8)
 j - a wand of quicksilver (2)
 o - a wand of polymorph (7)
 C - a wand of flame (41)
Scrolls
 a - 2 scrolls of teleportation
 q - 3 scrolls of identify
 r - 2 scrolls of enchant weapon
 w - a scroll of enchant armour
 z - a scroll of torment {unknown}
 B - a scroll of fear
 E - 2 scrolls of noise {unknown}
 G - a scroll of brand weapon {unknown}
Potions
 b - a potion of lignification
 m - 2 potions of cancellation
 p - a potion of enlightenment
 v - 2 potions of brilliance
 A - a potion of mutation {unknown}


   Skills:
 + Level 9.3 Fighting
 - Level 5.0 Dodging
 * Level 8.7 Unarmed Combat
 + Level 5.2 Spellcasting
 + Level 6.8 Shapeshifting


You had 16 spell levels left.
You knew the following spells:

 Your Spells              Type           Power      Damage    Failure   Level
a - Shock                 Conj/Air       12%        1d3       38%         1
b - Blink                 Tloc           6%         N/A       50%         2

Your spell library contained the following spells:

 Spells                   Type           Power      Damage    Failure   Level
 Summon Small Mammal      Summ           12%        N/A       38%         1
 Lesser Beckoning         Tloc           6%         N/A       50%         2
 Momentum Strike          Conj/Tloc      6%         3d8       50%         2
 Call Canine Familiar     Summ           3%         N/A       71%         3
 Frozen Ramparts          Ice            6%         1d1       71%         3
 Inner Flame              Hex/Fire       3%         N/A       71%         3
 Swiftness                Air            3%         N/A       71%         3
 Airstrike                Air            1%         2d(1-17)  96%         4
 Flame Wave               Conj/Fire      3%         2d5       96%         4
 Leda's Liquefaction      Alch/Erth      1%         N/A       96%         4
 Olgreb's Toxic Radiance  Alch           3%         N/A       96%         4
 Petrify                  Alch/Erth      3%         N/A       96%         4
 Sticky Flame             Fire/Alch      3%         2d4       96%         4
 Summon Blazeheart Golem  Fire/Summ      3%         N/A       96%         4
 Metabolic Englaciation   Hex/Ice        1%         N/A       100%        5
 Orb of Destruction       Conj           1%         9d5       100%        7
 Ozocubu's Refrigeration  Ice            1%         4d7       100%        7
 Spellforged Servitor     Conj/Summ      1%         N/A       100%        7
 Discord                  Hex            1%         N/A       100%        8


Dungeon Overview and Level Annotations

Branches:
Dungeon (9/15)             Temple (1/1) D:5             Orc (0/2) D:9
   Lair: D:8-11

Altars:
Ashenzari
Elyvilon
Fedhas
Gozag
Hepliaklqana
Kikubaaqudgha
Makhleb
Nemelex Xobeh
Okawaru
Qazlal
Trog
Wu Jian
Xom
Yredelemnul
The Shining One


Innate Abilities, Weirdness & Mutations

You are too large for most types of armour.
You have a pair of small horns on your head.
You have tough skin. (AC +1)
You gain doubled healing and magic from potions.
Whenever you drink a healing potion, you attack all around you.


Message History

Unknown command.
Aiming: Wall Jump
Press: ? - help, Dir - move target You repeatedly attack the killer bee from above.
You miss the killer bee. You headbutt the killer bee!
The killer bee is heavily wounded.
You miss the killer bee. Your headbutt misses the killer bee.
The killer bee is heavily wounded.
You feel very sick.
The killer bee stings you but does no damage.
The killer bee stings you.
* * * LOW HITPOINT WARNING * * *
The killer bee closely misses you. x2
The killer bee stings you but does no damage. x2
The killer bee stings you.
* * * LOW HITPOINT WARNING * * *
You are more poisoned.
The killer bee poisons you!
The killer bee stings you but does no damage.
The killer bee stings you.
* * * LOW HITPOINT WARNING * * *
The killer bee barely misses you. The killer bee stings you.
* * * LOW HITPOINT WARNING * * *
You are lethally poisoned!
The killer bee poisons you!
The killer bee stings you but does no damage.
The killer bee closely misses you.
You feel very mighty all of a sudden.
* * * LOW HITPOINT WARNING * * *
You feel very sick. The killer bee stings you.
* * * LOW HITPOINT WARNING * * *
The killer bee stings you but does no damage.
The killer bee stings you!
* * * LOW HITPOINT WARNING * * *
The killer bee closely misses you. The killer bee stings you.
* * * LOW HITPOINT WARNING * * *
You are more poisoned.
The killer bee poisons you! The killer bee stings you.
You die...

......#.......#......#
<.....#.......#......#
... #.......#...####
#.......#...# . .
#.......#...#
....#########...#
#.............#
#.....yyy.....#
#.....y@°.....#
###############


You could see 4 killer bees.

Vanquished Creatures
  Pikel (D:5)
  Maurice (D:8)
  Jeremiah (D:8)
  A hornet (D:9)
  A wyvern (D:9)
  A wraith (D:9)
  A fire bat (D:4)
  A two-headed ogre zombie (D:9)
  3 water moccasins
  A sky beast (D:7)
  A black bear (D:6)
  3 centaurs
  An ogre (D:4)
  2 phantoms
  2 kobold brigands
  A weeping skull (D:6)
  A bullfrog (D:7)
  A gnoll sergeant (D:7)
  A scorpion (D:5)
  A burial acolyte (D:5)
  A troll zombie (D:9)
  5 killer bees
  A howler monkey (D:9)
  A bombardier beetle (D:6)
  3 gnoll boudas
  4 orc priests
  5 hounds
  A sleepcap (D:7)
  An iguana (D:7)
  3 orc wizards
  6 ogre zombies (D:9)
  23 gnolls
  7 adders
  A shadow imp (D:8)
  2 ufetubi (D:6)
  2 dart slugs
  2 ribbon worms (D:2)
  14 orcs
  4 ball pythons
  5 bats
  8 endoplasms
  4 giant cockroaches
  5 goblins
  10 hobgoblins
  9 jackals
  17 kobolds
  5 quokkas
  A frilled lizard (D:1)
  5 gnoll skeletons (D:9)
  4 gnoll zombies (D:9)
  3 jackal zombies (D:5)
  2 orc skeletons (D:9)
  14 orc zombies (D:9)
  3 rats
  A spectral orc (D:6)
208 creatures vanquished.

Vanquished Creatures (others)
  A hobgoblin (D:1)
1 creature vanquished.

Grand Total: 209 creatures vanquished

Notes
Turn   | Place    | Note
-------+----------+-------------------------------------------
     0 | D:1      | Rassilon the Oni Shapeshifter began the quest for the Orb.
     0 | D:1      | Reached XP level 1. HP: 19/19 MP: 1/1
   338 | D:1      | Reached XP level 2. HP: 28/28 MP: 2/2
   515 | D:1      | Reached skill level 2 in Fighting
   612 | D:1      | Reached XP level 3. HP: 28/35 MP: 3/3
  1655 | D:2      | Reached XP level 4. HP: 43/44 MP: 4/4
  1779 | D:2      | Reached skill level 3 in Fighting
  2004 | D:2      | Identified the ring of Zuel {rN+ SInv}
  2859 | D:3      | Reached XP level 5. HP: 48/53 MP: 5/5
  3305 | D:4      | Found a white marble altar of Elyvilon.
  3336 | D:4      | Found an iron altar of Okawaru.
  3487 | D:4      | You fall into a shaft and drop 3 floors!
  3587 | D:6      | Reached skill level 4 in Fighting
  3690 | D:5      | Entered Level 5 of the Dungeon
  3754 | D:5      | Found an ancient bone altar of Kikubaaqudgha.
  3789 | D:5      | Reached XP level 6. HP: 60/63 MP: 6/6
  3831 | D:6      | Reached skill level 5 in Fighting
  4484 | D:5      | Found a shimmering altar of Xom.
  4485 | D:5      | Noticed a fire bat
  4545 | D:4      | Killed a fire bat
  4546 | D:4      | Reached XP level 7. HP: 12/72 MP: 7/7
  5181 | D:5      | Noticed Pikel
  5234 | D:5      | HP: 3/72 [Pikel/+2 whip of electrocution (4)]
  5239 | D:5      | HP: 3/72 [Pikel/+2 whip of electrocution (2)]
  5242 | D:5      | Killed Pikel
  5243 | D:5      | Reached skill level 6 in Fighting
  5243 | D:5      | Reached skill level 5 in Unarmed Combat
  5243 | D:5      | Reached skill level 5 in Shapeshifting
  5243 | D:5      | Reached XP level 8. HP: 6/84 MP: 8/8
  5765 | D:5      | Found a staircase to the Ecumenical Temple.
  5774 | Temple   | Entered the Ecumenical Temple
  5830 | Temple   | Became a worshipper of the Wu Jian Council
  5969 | D:5      | Learned a level 1 spell: Shock
  6527 | D:6      | Reached skill level 1 in Spellcasting
  6755 | D:6      | Reached skill level 7 in Fighting
  6860 | D:6      | Found a basalt altar of Yredelemnul.
  7016 | D:6      | Found a bloodstained altar of Trog.
  7459 | D:7      | Reached XP level 9. HP: 84/93 MP: 12/12
  8006 | D:7      | Reached skill level 5 in Dodging
  8034 | D:7      | Found a hazy altar of Hepliaklqana.
  8215 | D:7      | Learned a level 2 spell: Blink
  8383 | D:7      | Found a glowing golden altar of the Shining One.
  9050 | D:8      | Reached skill level 8 in Fighting
  9318 | D:8      | Noticed Maurice
  9332 | D:8      | Maurice stole 35 gold
  9337 | D:8      | Maurice stole a ring of ice
  9338 | D:8      | Maurice stole a flux talisman
  9339 | D:8      | Maurice stole a staff of alchemy
  9345 | D:8      | Maurice stole a +2 buckler
  9353 | D:8      | Maurice stole 329 gold
  9362 | D:8      | Killed Maurice
 10085 | D:8      | Noticed Jeremiah
 10096 | D:8      | Killed Jeremiah
 10097 | D:8      | Reached XP level 10. HP: 106/106 MP: 16/16
 10319 | D:9      | Paralysed by a hornet for 1 turns
 10578 | D:9      | Reached * piety under Wu Jian
 10685 | D:9      | Reached skill level 9 in Fighting
 10769 | D:9      | Found a staircase to the Orcish Mines.
 10830 | D:9      | Reached ** piety under Wu Jian
 11015 | D:9      | Reached skill level 5 in Spellcasting
 11412 | D:9      | HP: 4/107 [killer bee (7)]
 11412 | D:9      | HP: 1/107 [killer bee (3)]
 11412 | D:9      | Slain by a killer bee

Illustrated notes

Levels and vault maps discovered:
D:1:      dpeg_arrival_court, layout_basic, grunt_decor_cap
D:2:      layout_loops_cross, serial_rivers, chequers_serial_rivers_small_3,
          chequers_serial_rivers_marsh, chequers_serial_rivers_micro_e,
          chequers_serial_rivers_micro_a, minmay_randomly_rotated_circles
D:3:      layout_loops_cross
D:4:      layout_basic, nicolae_overflow_crystal_walls, elyvilon_altar_5,
          dk_noncrumbling_4
D:5:      layout_basic, regret_index_xom_of_box,
          lemuel_zombie_altar_kikubaaqudgha, lemuel_temple_firewalk_b,
          uniq_pikel
D:6:      layout_basic, yredelemnul_forgotten_temple_becter,
          lemuel_coloured_pillars_altar
D:7:      layout_layer_cave, nicolae_hepliaklqana_hazy_memory, tso_oasis_becter,
          grunt_tough_drop
D:8:      layout_basic, uniq_maurice, uniq_jeremiah
D:9:      layout_irregular_city, zombieorc2_lemuel
Temple:   nicolae_temple_superstar

Skill      XL: |  1  2  3  4  5  6  7  8  9 10 |
---------------+-------------------------------+-----
Dodging        | 2 3 4 5 |  5.0
Fighting       | 2 3 4 5 6 7 8 9 |  9.3
Unarmed Combat | 3 4 5 6 8 |  8.7
Shapeshifting  | 4 5 6 |  6.8
Spellcasting   | 2 4 5 |  5.2

Action                     |  1- 3 |  4- 6 |  7- 9 | 10-12 || total
---------------------------+-------+-------+-------+-------++-------
  Melee: Unarmed           |   107 |   166 |   263 |   168 ||   704
         Headbutt          |    13 |    27 |    52 |    28 ||   120
         Punch             |     1 |     1 |    11 |       ||    13
  Throw: Javelin           |     2 |       |     6 |     4 ||    12
   Cast: Shock             |       |       |     9 |       ||     9
         Blink             |       |       |     1 |       ||     1
Ability: Begin Untransform |       |     1 |     1 |       ||     2
         Lunge             |       |       |    21 |    36 ||    57
         Wall Jump         |       |       |       |     4 ||     4
         Whirlwind         |       |       |       |     2 ||     2
  Evoke: Wand              |       |       |    12 |       ||    12
    Use: Potion            |     3 |     5 |     4 |     3 ||    15
         Scroll            |     2 |     6 |     3 |       ||    11
   Stab: Sleeping          |       |       |     1 |       ||     1
 Armour: Animal skin       |    67 |   111 |   200 |       ||   378
         Skin              |       |       |     1 |       ||     1
         Robe              |       |       |       |   139 ||   139
  Dodge: Dodged            |    63 |    93 |   167 |    88 ||   411
   Form: Beast             |       |     1 |       |       ||     1
